Map: Lightshade LE

Players

uThermal - Winner!

  • Race: Terran Terran

Elazer

  • Race: Zerg Zerg

Event: DreamHack SC2 Masters 2021 Fall

VOD

Have the link to the VOD?

Description

Time

  • Played on: Aug. 5, 2021, 1:26 p.m.
  • Length: 12:49

All games in this series

Show
View Real Time Build Order
Export as new Build Order

uThermal Terran - Winner!

Build Orders: Hellion Opening, Reaper Expand 

Get SALT Encoding   

  12  0:00  SCV  
  13  0:12  SCV  
  14  0:17  Supply Depot  
  14  0:24  SCV  
  15  0:38  SCV  
  15  0:39  Barracks  
  16  0:43  Refinery  
  16  0:50  SCV  
  17  1:02  SCV  
  18  1:14  SCV  
  19  1:26  Reaper  
  19  1:27  Orbital Command  
  20  1:39  Command Center  
  20  1:48  Supply Depot  
  20  1:52  SCV  
  21  1:58  Marine  
  22  2:05  SCV  
  23  2:10  Factory  
  23  2:17  SCV  
  23  2:20  Barracks Reactor  
  24  2:29  SCV  
  25  2:38  Command Center  
  25  2:41  SCV  
  26  2:52  Orbital Command  
  26  2:53  SCV  
  27  3:02  Starport  
  27  3:05  Refinery, SCV  
  28  3:10  Hellion  
  30  3:15  Hellion  
  30  3:17  SCV  
  30  3:19  SCV  
  34  3:22  Barracks Tech Lab  
  34  3:29  SCV  
  34  3:32  SCV  
  34  3:34  Hellion  
  38  3:36  Hellion  
  38  3:39  Viking  
  42  3:41  SCV  
  42  3:46  SCV  
  44  3:51  Orbital Command  
  44  3:53  SCV  
  44  3:55  Hellion  
  47  3:58  Hellion  
  47  3:59  SCV  
  50  4:05  SCV  
  50  4:08  Supply Depot  
  50  4:09  Marine  
  51  4:10  Stimpack  
  51  4:13  SCV  
  51  4:16  Starport Reactor  
  52  4:17  SCV x2  
  54  4:26  SCV  
  54  4:27  Marine  
  54  4:29  SCV  
  57  4:34  Barracks, Factory Reactor  
  57  4:35  Barracks  
  57  4:36  SCV, Supply Depot  
  58  4:39  SCV  
  58  4:43  SCV  
  58  4:45  Marine  
  61  4:48  SCV, Engineering Bay  
  61  4:49  Engineering Bay  
  62  4:53  SCV  
  62  4:54  Refinery  
  62  4:55  SCV  
  62  4:59  Starport Reactor  
  64  5:02  Marine  
  64  5:04  Barracks  
  64  5:05  SCV  
  64  5:06  Barracks  
  66  5:09  SCV  
  66  5:10  Refinery  
  66  5:12  Orbital Command  
  67  5:16  Terran Infantry Weapons Level 1  
  67  5:17  SCV  
  67  5:18  Terran Infantry Armor Level 1  
  67  5:20  Marine  
  67  5:21  SCV  
  70  5:22  Marine  
  70  5:24  Marine, Supply Depot  
  72  5:29  Marine, SCV  
  72  5:31  Marine  
  72  5:33  SCV  
  76  5:37  Supply Depot  
  76  5:38  Marine  
  77  5:46  Marine x2, SCV, Medivac, Widow Mine  
  77  5:49  SCV  
  85  5:51  Supply Depot  
  85  5:54  Combat Shield  
  85  5:56  Barracks Reactor  
  85  5:57  Barracks Reactor  
  85  5:59  Marine, SCV, Medivac, Widow Mine  
  85  6:00  SCV  
  85  6:01  Marine  
  93  6:06  Supply Depot  
  93  6:13  Marine x2, SCV x2, Widow Mine  
  93  6:14  Bunker  
  93  6:15  SCV  
  93  6:17  Supply Depot  
  100  6:22  Marine  
  100  6:24  Supply Depot  
  101  6:28  Marine x2, SCV, Medivac, Widow Mine  
  101  6:29  SCV  
  109  6:37  Armory  
  109  6:38  Marine x2, SCV, Medivac  
  114  6:43  Factory  
  114  6:46  Marine, SCV  
  116  6:47  Marine, Supply Depot  
  116  6:48  Marine x2  
  116  6:51  Marine, SCV  
  116  6:54  Marine  
  122  6:58  SCV  
  122  6:59  Marine x2  
  122  7:00  Widow Mine x2  
  122  7:01  SCV  
  122  7:03  Supply Depot  
  122  7:04  Medivac  
  122  7:05  Refinery  
  125  7:09  Medivac  
  125  7:10  Marine  
  125  7:12  Marine  
  129  7:16  Marine  
  129  7:18  Marine  
  129  7:19  Supply Depot  
  129  7:20  Marine x2, Supply Depot  
  133  7:24  Marine x2  
  133  7:25  Widow Mine  
  133  7:29  Terran Infantry Weapons Level 2  
  137  7:31  Terran Infantry Armor Level 2  
  137  7:34  Factory Tech Lab  
  137  7:38  Marine  
  137  7:39  Marine x3  
  137  7:40  Command Center  
  137  7:41  Marine  
  137  7:43  Marine, Supply Depot, Widow Mine  
  145  7:46  Medivac  
  145  7:47  Marine  
  148  7:52  Marine  
  148  7:53  Marine  
  148  7:54  Drilling Claws  
  148  7:56  Widow Mine x2  
  148  8:05  Marine x3  
  148  8:09  Marine x2  
  148  8:10  Marine  
  148  8:11  Marine x2  
  145  8:12  Medivac  
  145  8:13  Marine  
  147  8:21  Barracks  
  147  8:22  Barracks  
  147  8:23  Marine x3  
  147  8:24  Barracks  
  147  8:26  Marine  
  147  8:27  Marine x2  
  149  8:29  Marine  
  149  8:34  Widow Mine x2  
  162  8:35  Widow Mine  
  162  8:37  Marine x2  
  162  8:38  Supply Depot  
  162  8:41  Marine x2  
  161  8:42  Marine  
  161  8:44  Marine  
  161  8:46  Marine x2  
  161  8:51  Marine  
  161  8:55  Marine x2, Widow Mine, Medivac  
  142  8:56  Medivac  
  142  8:58  SCV  
  142  8:59  Marine x2  
  142  9:00  Marine  
  142  9:02  Marine  
  148  9:03  Widow Mine x2  
  148  9:04  Marine, SCV  
  148  9:06  Marine  
  148  9:09  Marine  
  153  9:12  Barracks Tech Lab x3  
  153  9:15  SCV x2  
  153  9:16  SCV  
  156  9:23  Concussive Shells  
  156  9:25  Marine, Widow Mine  
  156  9:26  Marauder  
  156  9:27  Marine x2  
  156  9:33  Marine x2  
  156  9:34  Marauder  
  156  9:35  Medivac  
  156  9:37  Marine x2  
  151  9:38  Marine  
  151  9:44  SCV  
  151  9:45  Missile Turret x2  
  151  9:46  Medivac  
  151  9:50  Planetary Fortress  
  151  9:52  Marine x2, Marauder x2  
  159  9:54  Widow Mine  
  159  9:55  Widow Mine  
  159  9:57  Widow Mine  
  165  10:01  Marine x2  
  165  10:04  SCV x2  
  165  10:05  Marine x2  
  171  10:07  Marine x2  
  173  10:15  Widow Mine  
  171  10:26  Marine  
  171  10:27  Marine, Marauder x2  
  174  10:32  Medivac  
  174  10:34  Marine  
  174  10:35  Marauder  
  177  10:37  Marine x2, Marauder  
  167  10:43  Widow Mine  
  167  10:45  Marine, Medivac  
  167  10:48  Marine x2, Marauder  
  167  10:49  Marauder  
  167  10:54  Marine  
  167  10:55  Widow Mine x2  
  167  10:56  Marauder  
  167  10:57  Marine  
  174  10:58  Marine  
  174  10:59  Marauder  
  174  11:00  Marine  
  174  11:01  Medivac  
  181  11:04  Widow Mine  
  183  11:16  Widow Mine  
  181  11:21  Marine  
  181  11:22  Marauder  
  181  11:25  Marine, Marauder  
  187  11:32  Command Center  
  170  11:35  Marine x2, Supply Depot, Marauder x2  
  170  11:36  Widow Mine  
  170  11:37  Marine, Widow Mine  
  170  11:38  Command Center  
  170  11:39  Marine  
  180  11:41  Medivac  
  180  11:42  Medivac  
  180  11:43  Marauder  
  188  11:47  Marauder  
  188  11:48  Marine  
  188  11:51  Marine x2  
  182  11:55  Marine  
  182  11:57  Supply Depot, Marauder x2  
  182  12:00  Marine  
  182  12:01  Marine  
  189  12:05  Marauder  
  189  12:08  Marauder  
  193  12:11  Medivac  
  193  12:15  Medivac  
  195  12:16  Marine  
  195  12:18  Marauder  
  195  12:19  Widow Mine, Marauder  
  200  12:26  Marine x2, Marauder  
  184  12:34  Command Center  
Show
View Real Time Build Order
Export as new Build Order

Elazer Zerg 

Build Orders: Hatch First 

Get SALT Encoding   

  12  0:00  Drone  
  13  0:11  Overlord  
  13  0:16  Drone  
  14  0:30  Drone x2  
  16  0:47  Hatchery  
  15  0:50  Drone  
  15  0:53  Drone  
  18  0:57  Drone  
  18  1:07  Extractor  
  17  1:12  Spawning Pool  
  17  1:15  Drone  
  17  1:18  Drone  
  18  1:27  Drone  
  19  1:39  Drone  
  20  1:48  Drone  
  21  1:58  Queen  
  21  1:59  Queen, Zergling x2  
  21  2:00  Zergling x2  
  27  2:07  Metabolic Boost  
  27  2:10  Zergling x2, Overlord  
  27  2:31  Hatchery  
  27  2:32  Drone  
  27  2:34  Drone  
  28  2:39  Drone x2  
  30  2:46  Queen  
  32  2:53  Overlord  
  32  2:56  Drone  
  32  2:57  Drone  
  34  3:00  Drone  
  35  3:06  Overlord  
  35  3:12  Drone x4  
  39  3:18  Queen  
  41  3:24  Queen  
  43  3:28  Drone x2  
  43  3:31  Drone  
  46  3:34  Drone  
  46  3:39  Drone  
  46  3:41  Drone x2  
  50  3:42  Overlord  
  50  3:45  Queen  
  50  3:47  Drone  
  53  3:55  Zergling x8  
  59  4:02  Drone x2  
  59  4:03  Drone  
  59  4:06  Queen, Overlord  
  59  4:09  Drone x2  
  64  4:16  Drone x2  
  66  4:19  Overlord  
  66  4:28  Drone x3  
  66  4:29  Drone x5  
  74  4:34  Hatchery  
  74  4:36  Drone  
  74  4:38  Drone x2  
  74  4:43  Overlord  
  76  4:46  Lair  
  76  4:49  Extractor  
  76  4:50  Extractor  
  76  4:51  Baneling Nest, Drone x2  
  76  4:52  Drone  
  76  4:53  Drone  
  76  4:59  Overlord x2  
  77  5:05  Drone x6  
  77  5:06  Extractor  
  82  5:08  Drone x2  
  82  5:10  Overlord  
  84  5:17  Spore Crawler  
  84  5:18  Spore Crawler  
  84  5:19  Zergling x2  
  84  5:20  Zergling x4  
  85  5:22  Spore Crawler  
  85  5:24  Zergling x2  
  85  5:28  Overlord  
  85  5:33  Drone  
  86  5:36  Evolution Chamber x2  
  86  5:38  Drone x7  
  86  5:41  Drone x2  
  86  5:42  Drone x2  
  95  5:51  Overseer  
  95  5:52  Centrifical Hooks, Overlord  
  95  5:53  Drone x3  
  98  5:59  Zergling x6  
  98  6:04  Zerg Melee Weapons Level 1, Zerg Ground Armor Level 1  
  101  6:05  Zergling x6  
  104  6:11  Zergling x8  
  104  6:12  Zergling x6  
  104  6:16  Overlord  
  104  6:17  Drone x2  
  112  6:23  Drone  
  112  6:24  Drone  
  111  6:34  Baneling x6, Hatchery  
  111  6:35  Drone x2  
  111  6:36  Drone  
  111  6:37  Baneling x2  
  111  6:38  Zergling x18, Baneling x7  
  111  6:39  Spore Crawler x2  
  120  6:42  Burrow  
  120  6:47  Pneumatized Carapace  
  120  6:51  Overseer  
  119  7:00  Zergling x18  
  119  7:01  Zergling x10  
  116  7:10  Baneling x8  
  116  7:13  Zergling x14  
  122  7:17  Hatchery  
  122  7:19  Zergling x8  
  125  7:25  Zergling x2  
  125  7:26  Zergling x4  
  125  7:29  Overlord  
  128  7:31  Baneling x4  
  128  7:32  Baneling x5  
  128  7:35  Overseer  
  128  7:39  Overlord x2  
  128  7:41  Overlord  
  128  7:42  Baneling x3  
  128  7:48  Zergling x24  
  128  7:51  Baneling x3  
  140  7:54  Zergling x10  
  130  8:01  Zergling x2  
  130  8:02  Zergling x16  
  124  8:10  Drone x2  
  120  8:13  Zergling x6  
  120  8:18  Zergling x2  
  120  8:19  Zergling x12  
  130  8:20  Baneling x10  
  130  8:22  Zergling x2  
  130  8:23  Zergling x4  
  130  8:24  Baneling x4  
  133  8:27  Extractor  
  133  8:28  Zergling x2  
  133  8:29  Zergling x8  
  137  8:35  Zergling x14  
  137  8:37  Baneling x6  
  137  8:39  Overlord  
  137  8:45  Zergling x10  
  137  8:47  Zergling x2  
  137  8:48  Zergling x16  
  123  8:55  Zergling x16  
  123  9:02  Drone x5  
  133  9:04  Drone x3  
  133  9:07  Zerg Ground Armor Level 2  
  134  9:11  Zergling x4  
  134  9:16  Zergling x8  
  132  9:17  Overseer  
  132  9:19  Overseer  
  132  9:26  Drone x7  
  132  9:27  Spore Crawler  
  132  9:28  Spore Crawler  
  135  9:34  Zergling x18  
  134  9:38  Zergling x6  
  134  9:42  Zergling x2  
  139  9:45  Drone  
  139  9:46  Zerg Melee Weapons Level 2  
  139  9:47  Drone  
  139  9:49  Baneling x11  
  139  9:51  Zergling x14, Queen  
  149  9:56  Drone x2  
  149  9:57  Drone  
  149  9:59  Spore Crawler, Baneling  
  151  10:00  Zergling x10, Baneling x4  
  151  10:05  Baneling x3  
  156  10:08  Baneling  
  156  10:13  Zergling x12  
  162  10:15  Baneling x4  
  162  10:18  Drone  
  162  10:19  Drone x5  
  165  10:24  Zergling x10  
  165  10:25  Spore Crawler  
  162  10:29  Baneling x3  
  162  10:34  Overlord x2  
  162  10:35  Overlord  
  130  10:48  Zergling x26  
  139  10:56  Drone x6  
  145  10:58  Drone  
  145  11:03  Baneling x8, Infestation Pit  
  146  11:04  Zergling x10  
  146  11:07  Overseer  
  146  11:09  Zergling x2  
  146  11:10  Overseer  
  129  11:20  Zergling x12  
  129  11:24  Zergling x20  
  138  11:29  Hatchery  
  126  11:33  Zergling x14  
  126  11:35  Overseer  
  126  11:38  Zergling x8  
  131  11:42  Queen x3  
  131  11:45  Zergling x6  
  137  11:53  Baneling x2  
  129  11:54  Zergling x16  
  129  11:57  Baneling x14  
  129  11:58  Baneling x3  
  129  12:00  Zergling x10  
  139  12:09  Zergling x12  
  139  12:11  Baneling  
  139  12:12  Baneling x7  
  143  12:16  Zergling x14  
  145  12:25  Zergling x10  
  145  12:27  Zergling x2  
  145  12:28  Zergling x8  
  132  12:41  Hatchery  
  132  12:42  Hatchery  

Tags
 
Add a new tag
Caveats
  • Supply blocks, unpowered buildings, or Contaminate may cause inaccurate times.
  • Supply counts are checked every 10 seconds.